 Dungeon Crawl Stone Soup version 0.31.0-11-ge490571c62 (webtiles) character file.

Game seed: 7011181406760286039

73 protoss039 the Changeling (level 4, 33/33 HPs)
             Began as a Demonspawn Shapeshifter on Jan 31, 2024.
             Got out of the dungeon alive.
             The game lasted 00:02:14 (1586 turns).

protoss039 the Changeling (Demonspawn Shapeshifter) Turns: 1586, Time: 00:02:15

Health: 33/33      AC:  3    Str: 15    XL:     4   Next: 8%
Magic:  4/4        EV: 12    Int: 12    God:
Gold:   57         SH:  0    Dex: 12    Spells: 3/3 levels left

rFire   . .          .
                       - Unarmed
rCold   . . .        (no shield)
rNeg    . . .        e - +0 leather armour
rPois   .            (helmet currently unavailable)
rElec   .            (cloak currently unavailable)
rCorr   .            (gloves currently unavailable)
SInv    .            (boots currently unavailable)
Will    .....        (no amulet)
Stlth   +            (no ring)
HPRegen 0.25/turn    (no ring)
MPRegen 0.09/turn

%: no passive effects
@: beast-form
A: beast (slay +1), antennae 1, ignite blood 1
a: Begin Untransformation


You escaped.
You were a hulking beast.
You visited 1 branch of the dungeon, and saw 2 of its levels.

You collected 57 gold pieces.

Inventory:

Missiles
 k - 2 throwing nets (quivered)
Armour
 e - a +0 leather armour (worn)
Talismans
 c - a beast talisman (active)
 d - a flux talisman
Wands
 v - a wand of mindburst (10)
Scrolls
 a - a scroll of immolation {unknown}
 f - a scroll of vulnerability {unknown}
 g - a scroll of enchant weapon {unknown}
 i - a scroll of poison {unknown}
Potions
 b - a potion of lignification
 h - 2 potions of curing {unknown}
 j - 2 potions of heal wounds {unknown}


   Skills:
 * Level 2.2 Fighting
 * Level 2.6 Dodging
 - Level 3.0 Unarmed Combat
 + Level 0.5 Evocations
 + Level 3.1 Shapeshifting


You had 3 spell levels left.
You didn't know any spells.
Your spell library was empty.

Dungeon Overview and Level Annotations

Branches:
Dungeon (2/15) Zot: 10420

Altars:


Innate Abilities, Weirdness & Mutations

You are a hulking beast.
Your limbs bulge with bestial killing power. (Slay +1)
You have a pair of small antennae on your head.
Your demonic aura sometimes causes spilled blood to erupt in flames.


Message History

The jackal is heavily wounded.
The jackal misses you.
Unknown command.
You hit the jackal.
You kill the jackal!
Unknown command.
A goblin comes into view. It is wielding a +0 club.
Found 4 gold pieces.
The goblin shouts!
There is an open door here.
A goblin is nearby!
A goblin is nearby!
The goblin barely misses you.
A goblin is nearby!
You hit the goblin.
The goblin is heavily wounded.
The goblin hits you but does no damage.
A goblin is nearby!
You punch the goblin!
You kill the goblin!
You now have 57 gold pieces (gained 4).
There is an open door here.
A goblin comes into view. It is wielding a +0 club.
A goblin is nearby!
You barely miss the goblin. The goblin barely misses you.
You hit the goblin.
You kill the goblin!
Things that are here:
a +0 club; a goblin corpse
There is an open door here.
You see here a +0 club.
There is an open door here.
There is a stone staircase leading up here.
You climb upwards.
There is a stone staircase leading down here.
You see here a bat skeleton.
There is a stone staircase leading down here.
There is an open gate here.
There is a staircase leading out of the dungeon here.
You have escaped!

##.# ##.....### #. ...# #...~...#
#. #### #######...~...#### #.
#######....#...~≈~...#.####### #.
.........###...~~~[..##......# #.
#######...#...~≈~~~...######.###.
#..##...≈~~~~...##....#....
#..#.............#####.##..
##.##......h......# #.##.#
#...################# #.##.#
#..#..# #..#.......# #.....
#..#..# #.#.#...##.# ####.#
#..#..####.#.######.# #.#
#..#..##...#.# #.# #.#
######..#..##.###.# #.# #..
....##..#.........# #.# ###
###.##..##.##.##### #.#


There were no monsters in sight!

Vanquished Creatures
  3 gnolls (D:2)
  A ribbon worm (D:2)
  2 endoplasms
  3 giant cockroaches (D:1)
  8 goblins
  A hobgoblin (D:1)
  2 jackals (D:2)
  3 kobolds
  3 quokkas (D:1)
  3 ball pythons (D:2)
  5 bats (D:1)
  4 rats (D:1)
38 creatures vanquished.

Notes
Turn   | Place    | Note
-------+----------+-------------------------------------------
     0 | D:1      | protoss039 the Demonspawn Shapeshifter began the quest for
                  | the Orb.
     0 | D:1      | Reached XP level 1. HP: 15/15 MP: 1/1
   277 | D:1      | Gained mutation: You have a pair of small antennae on your
                  | head. [demonic ancestry]
   277 | D:1      | Reached XP level 2. HP: 16/21 MP: 2/2
  1140 | D:2      | Reached XP level 3. HP: 27/27 MP: 3/3
  1385 | D:2      | Gained mutation: Your demonic aura sometimes causes spilled
                  | blood to erupt in flames. [demonic ancestry]
  1385 | D:2      | Reached XP level 4. HP: 32/33 MP: 4/4
  1586 | D:$      | Got out of the dungeon alive.

Illustrated notes

Levels and vault maps discovered:
D:1:      lemuel_arrival_funnel, layout_loops_ring
D:2:      layout_loops_corners, hellmonk_ecumenical_altar_leap_of_faith

Skill      XL: |  1  2  3 |
---------------+----------+-----
Dodging        | 2 |  2.6
Unarmed Combat | 3 |  3.0
Shapeshifting  | 3 |  3.1
Fighting       | 2 |  2.2
Evocations     | |  0.5

Action                     |  1- 3 |  4- 6 || total
---------------------------+-------+-------++-------
  Melee: Unarmed           |   122 |    11 ||   133
         Punch             |     1 |       ||     1
  Evoke: Wand              |     4 |       ||     4
 Armour: Animal skin       |    13 |       ||    13
         Leather armour    |    57 |     5 ||    62
  Dodge: Dodged            |    62 |     6 ||    68
   Form: Beast             |     1 |       ||     1
